 Dungeon Crawl Stone Soup version 0.31-a0-83-gbff143cfd1 (webtiles) character file.

Game seed: 12575604474712469693

0 Mesmaeker13 the Grave Robber (level 1, -1/9 HPs)
             Began as a Vine Stalker Necromancer on May 24, 2023.
             Frozen to death by an endoplasm (4 damage)
             ... on level 1 of the Dungeon.
             The game lasted 00:00:23 (84 turns).

Mesmaeker13 the Grave Robber (VSNe)                   Turns: 84, Time: 00:00:24

Health: -1/9       AC:  2    Str: 10    XL:     1   Next: 10%
Magic:  0/4        EV: 17    Int: 15    God:
Gold:   0          SH:  0    Dex: 14    Spells: 3/4 levels left

rFire   . . .        (no weapon)
rCold   . . .        (no shield)
rNeg    . . .        a - +0 robe
rPois   .            (no helmet)
rElec   .            (no cloak)
rCorr   .            (no gloves)
SInv    .            (no boots)
Will    .....        (no amulet)
Stlth   ++           c - +5 ring of evasion
HPRegen 0.21/turn    (no ring)
MPRegen 0.09/turn

%: guardian spirit
@: very slightly contaminated
A: fangs 2, magic shield, antimagic bite, no potion heal 2
a: no special abilities


You were on level 1 of the Dungeon.
You visited 1 branch of the dungeon, and saw 1 of its levels.

Inventory:

Armour
 a - a +0 robe (worn)
Jewellery
 c - a +5 ring of evasion (left hand)
Potions
 b - a potion of magic


   Skills:
 + Level 1.5 Dodging
 - Level 2.4 Stealth
 + Level 2.2 Spellcasting
 + Level 4.0 Necromancy


You had 3 spell levels left.
You knew the following spells:

 Your Spells              Type           Power      Damage    Failure   Level
a - Necrotise             Necr           52%        1d6       4%          1

Your spell library contained the following spells:

 Spells                   Type           Power      Damage    Failure   Level
 Vampiric Draining        Necr           13%        2d6       13%         3
 Animate Dead             Necr           13%        N/A       38%         4
 Agony                    Necr           13%        N/A       75%         5


Dungeon Overview and Level Annotations

Branches:
Dungeon (1/15)

Altars:


Innate Abilities, Weirdness & Mutations

You have extremely sharp teeth.
When hurt, damage is shared between your health and your magic reserves.
Your bite disrupts and absorbs the magic of your enemies.
Potions cannot restore your health.


Message History

Found a scroll labelled VISHREJ RITIRPH.
Casting: Necrotise (safe; 4% risk of failure)
Confirm with . or Enter, or press ? or * to list all spells.
Aiming: Necrotise (safe; 4% risk of failure)
Press: ? - help, Shift-Dir - straight line, f - endoplasm
Aim: an endoplasm (asleep, chance to affect: 83%)
You miscast Necrotise.
You are very lightly contaminated with residual magic.
Nothing appears to happen.
Casting: Necrotise (safe; 4% risk of failure)
Confirm with . or Enter, or press ? or * to list all spells.
Aiming: Necrotise (safe; 4% risk of failure)
Press: ? - help, Shift-Dir - straight line, f/p - endoplasm
Aim: an endoplasm (asleep, chance to affect: 83%)
The endoplasm quivers.
The endoplasm writhes in agony.
You hit the endoplasm but do no damage.
The endoplasm is moderately wounded.
The endoplasm freezes you.
You are frozen.
You hit the endoplasm but do no damage. You bite the endoplasm.
You drain its power.
You feel invigorated.
The endoplasm is severely wounded.
The endoplasm freezes you.
You are frozen.
You are too injured to fight recklessly!
You barely miss the endoplasm.
You bite the endoplasm, but do no damage.
The endoplasm is severely wounded.
The endoplasm freezes you.
You are frozen.
Casting: Necrotise (safe; 4% risk of failure)
Confirm with . or Enter, or press ? or * to list all spells.
Aiming: Necrotise (safe; 4% risk of failure)
Press: ? - help, Shift-Dir - straight line, f/p - endoplasm
Aim: an endoplasm (severely wounded, chance to affect: 83%)
The endoplasm barely resists.
The endoplasm freezes you.
You are frozen.
You die...

##...###
#...##
##...###
###...###
###...#
###...###
##...###
#...##
##..@#
###.J.#
###.?.#
..## ##


You could see an endoplasm.

Vanquished Creatures
  A frilled lizard (D:1)
1 creature vanquished.

Notes
Turn   | Place    | Note
-------+----------+-------------------------------------------
     0 | D:1      | Mesmaeker13 the Vine Stalker Necromancer began the quest
                  | for the Orb.
     0 | D:1      | Reached XP level 1. HP: 9/9 MP: 4/4
    84 | D:1      | Frozen to death by an endoplasm

Illustrated notes

Levels and vault maps discovered:
D:1:      minmay_arrival_stair_chambers, layout_basic, serial_curves,
          eino_curves_03, eino_curves_03

Action                     || total
---------------------------++-------
  Melee: Unarmed           ||     3
         Bite              ||     2
   Cast: Necrotise         ||     3

Table legend: (Time is in decaauts)
 A = Elapsed time spent in this place.
 B = Non-inter-level travel time spent in this place.
 C = Inter-level travel time spent in this place.
 D = Time resting spent in this place.
 E = Time spent auto-exploring this place.
 F = Levels seen in this place.
 G = Mean time per level.
                   A        B        C        D        E       F      G
               +--------+--------+--------+--------+--------+-----+--------+
         Total |     83 |     83 |      0 |      0 |     63 |   1 |   83.0 |
       Dungeon |     83 |     83 |      0 |      0 |     63 |   1 |   83.0 |
               +--------+--------+--------+--------+--------+-----+--------+

Top non-repeatable levels by time:
     D:1: 83 daAuts
